 Dungeon Crawl Stone Soup version 0.16.1-30-g34a7ffa (webtiles) character file.

262 Jb9000 the Covered (level 6, -4/38 HPs)
             Began as a Gargoyle Fighter on June 30, 2015.
             Was an Initiate of Nemelex Xobeh.
             Slain by a goliath beetle (15 damage)
             ... on level 4 of the Dungeon.
             The game lasted 00:16:44 (2780 turns).

Jb9000 the Covered (Gargoyle Fighter)               Turns: 2780, Time: 00:16:44

Health: -4/38      AC: 14    Str: 19    XL:     6   Next: 18%
Magic:  8/8        EV:  7    Int: 10    God:    Nemelex Xobeh [......]
Gold:   209        SH:  9    Dex: 10    Spells: 0 memorised, 7 levels left

rFire  . . .     SeeInvis .     t - staff of poison (curse)
rCold  . . .     Clarity  .     b - +0 scale mail
rNeg   + + .     SustAb   .     c - +0 shield
rPois  ∞         Gourm    .     v - +0 helmet
rElec  +         Spirit   .     o - +1 cloak
rCorr  .         Warding  .     (no gloves)
rMut   .         Stasis   .     (no boots)
MR     .....                    (no amulet)
Stlth  +.........               y - ring of positive energy
                                r - ring of teleport control

@: not resistant to hostile enchantments, very unstealthy
A: negative energy resistance 1, electricity resistance, unbreathing,
petrification resistance, rot immunity, AC +4
a: Renounce Religion, Evoke Teleport Control


You were on level 4 of the Dungeon.
You worshipped Nemelex Xobeh.
Nemelex Xobeh was noncommittal.
You were not hungry.

You visited 1 branch of the dungeon, and saw 4 of its levels.

You collected 209 gold pieces.

Inventory:

Hand weapons
 a - a +0 flail
 s - a +1 quarterstaff of holy wrath
Missiles
 g - 19 bolts
 u - 3 needles of confusion
 A - 5 tomahawks (quivered)
Armour
 b - a +0 scale mail (worn)
 c - a +0 shield (worn)
 o - a +1 cloak (worn)
 v - a +0 helmet (worn)
Magical staves
 t - a cursed staff of poison (weapon)
Jewellery
 r - a ring of teleport control (left hand)
 y - a ring of positive energy (right hand)
Magical devices
 p - a wand of confusion (30)
Scrolls
 h - 2 scrolls of teleportation
 i - 6 scrolls of identify
 j - a scroll of fog
 q - a scroll of amnesia
Potions
 e - a potion of might
 l - a potion of magic {unknown}
 n - a potion of heal wounds {unknown}
 w - 2 potions of lignification
Miscellaneous
 m - a plain deck of escape
Comestibles
 d - 3 bread rations


   Skills:
 + Level 4.1 Fighting
 - Level 2.4(2.7) Maces & Flails
 + Level 1.5(2.2) Staves
 + Level 0.2 Throwing
 + Level 4.2 Armour
 + Level 1.3 Dodging
 * Level 2.6 Stealth
 - Level 3.7 Shields
 + Level 1.4 Spellcasting
 + Level 1.0 Evocations


You had 7 spell levels left.
You didn't know any spells.

Dungeon Overview and Level Annotations

Branches:
Dungeon (4/15)
 Temple: D:4-7

Altars:
Nemelex Xobeh
Qazlal
Ru
Xom
Yredelemnul
Zin


Innate Abilities, Weirdness & Mutations

You are resistant to torment.
You are immune to poison.
Your stone body is very resilient (AC +4).
You resist negative energy.
You are resistant to electric shocks.
You can survive without breathing.
You are immune to petrification.
You are immune to rotting.


Message History

The goliath beetle is lightly wounded.
You hit the goliath beetle but do no damage.
The goliath beetle is lightly wounded.
You block the goliath beetle's attack.
You hit the goliath beetle.
The goliath beetle is lightly wounded.
You hit the goliath beetle.
The goliath beetle is lightly wounded.
The goliath beetle bites you!
You hit the goliath beetle but do no damage.
The goliath beetle is lightly wounded.
The goliath beetle bites you.
* * * LOW HITPOINT WARNING * * *
You hit the goliath beetle.
The goliath beetle is moderately wounded.
You hit the goliath beetle but do no damage.
The goliath beetle is moderately wounded.
The goliath beetle bites you!
You die...
Your body disappears without a glow.

............# ####..####### #..
... ##..## #........... ##..###
##............ #####...##
##.............. ###........###
##............... .............##
#................
..........#...###..........>.....
..........###...@B...............
.........## ##...................
#........# ##...................
##......## ##....................
#....### ##...###...............
##.### ##...## ##.............# #
##...## ##........#.#.# #...##
##......#.#.#. ##..##
##......#.#.#


You could see a goliath beetle.

Vanquished Creatures
  Sigmund (D:3)
  A hound (D:4)
  A worker ant (D:4)
  Jessica (D:3)
  2 adders
  A giant mite (D:1)
  4 giant geckos
  6 orcs
  A ball python (D:3)
  10 goblins
  10 hobgoblins
  8 jackals
  A quokka (D:2)
  4 bats
  3 giant cockroaches
  5 giant newts
  13 kobolds
  6 rats
  A bush (D:1)
79 creatures vanquished.

Notes
Turn   | Place    | Note
--------------------------------------------------------------
     0 | D:1      | Jb9000, the Gargoyle Fighter, began the quest for the Orb.
     0 | D:1      | Reached XP level 1. HP: 14/14 MP: 1/1
   105 | D:1      | Reached XP level 2. HP: 17/19 MP: 2/2
   259 | D:1      | Reached XP level 3. HP: 24/24 MP: 3/3
   775 | D:2      | Found a sparkling altar of Nemelex Xobeh.
   784 | D:2      | Found a sacrificial altar of Ru.
   793 | D:2      | Found a stormy altar of Qazlal.
   816 | D:2      | Became a worshipper of Ru the Awakened
   830 | D:2      | Reached XP level 4. HP: 29/29 MP: 4/4
  1408 | D:3      | Noticed Sigmund
  1418 | D:3      | Killed Sigmund
  1418 | D:3      | Reached skill level 1 in Staves
  1418 | D:3      | Reached skill level 4 in Armour
  1418 | D:3      | Reached skill level 1 in Dodging
  1418 | D:3      | Reached skill level 1 in Stealth
  1418 | D:3      | Reached skill level 1 in Spellcasting
  1418 | D:3      | Reached XP level 5. HP: 27/33 MP: 5/7
  1426 | D:3      | Found a shimmering altar of Xom.
  1661 | D:3      | Noticed Jessica
  1677 | D:3      | Killed Jessica
  1990 | D:3      | Found a glowing silver altar of Zin.
  1990 | D:3      | Found a basalt altar of Yredelemnul.
  2085 | D:4      | Reached skill level 1 in Evocations
  2085 | D:4      | Reached XP level 6. HP: 28/38 MP: 8/8
  2251 | D:2      | Fell from the grace of Ru
  2251 | D:2      | Became a worshipper of Nemelex Xobeh the Trickster
  2376 | D:4      | Received a gift from Nemelex Xobeh
  2780 | D:4      | Slain by a goliath beetle

Action                   |  1- 3 |  4- 6 || total
-------------------------+-------+-------++-------
Melee: Flail             |   192 |     1 ||   193
       Quarterstaff      |       |   109 ||   109
       Staff             |       |    43 ||    43
Throw: Tomahawk          |       |     1 ||     1
  Use: Potion            |     1 |     4 ||     5
       Scroll            |       |    11 ||    11
  Eat: Royal jelly       |       |     2 ||     2
       Chunk             |       |     2 ||     2
       Pizza             |       |     2 ||     2
